Unix xNetHack Version 8.0.0 - last build Jun 13 2023 01:05:28 (4b7ecc64c373f7294607d497be3f7ce1783331ac). Game began 2023-07-22 17:15:29, ended 2023-07-22 17:52:58. puncake, chaotic male elven Wizard -------------- |............| |..........{.| ---------- |............| |........| |............| 0############# |.........############ -.------.----- ## ------.-------- |..>.....| # ### ########### |......~...@..| -------.-- # #### ###-..........'..| # # ##### # |.......j.....| ### # ## # --------------- # # ### # # 0#### ## ## # ## ## ## ---.-.--- ## ### ## |........#### # #------.---## |.......| # -----------|- #.........|# |.......| ##.....~.......####|........-# |.......| |..........<| 0.........| --------- ------------- ---------- Puncake the Thaumaturge St:3 Dx:12 Co:16 In:20 Wi:9 Ch:12 Chaotic S:3407 Dlvl:7 $:677 HP:0(42) Pw:66(66) AC:10 Xp:6/600 T:3881 Latest messages: The killer bee turns to flee. The killer bee turns to flee. Something is written here in the dust. You read: "Elbereth". You see no objects here. What do you want to read? As you read the scroll, it disappears. H - an uncursed scroll of enchant armor {5}. v - an uncursed scroll of confuse monster {5}. z - 3 uncursed potions of booze {60}. F - an uncursed potion of hallucination {20}. The killer bee turns to flee. What do you want to use or apply? Improvise? y You start playing your frost horn. In what direction? A bolt of cold blasts out of the horn! You kill the killer bee! What do you want to use or apply? Improvise? y You start playing your frost horn. In what direction? A bolt of cold blasts out of the horn! The bolt of cold misses the killer bee. You hear some noises in the distance. You lack the strength to cast spells. What do you want to use or apply? Improvise? y You start playing your harp. Your harp twangs. The killer bee stings! What do you want to use or apply? Improvise? y You start playing your frost horn. In what direction? A bolt of cold blasts out of the horn! You kill the killer bee! What do you want to use or apply? Improvise? y You start playing your frost horn. In what direction? A bolt of cold blasts out of the horn! The bolt of cold hits the gold golem! The gold golem claws you! The gold golem claws you! What do you want to write with? You write in the dust with your fingertip. The gold golem claws you! You die... Do you want to see the dungeon overview? q Inventory: Inventory: 506/525 weight (26/52 slots) Coins $ - 677 gold pieces {7} Weapons a - a blessed +1 quarterstaff (weapon in hands) {40} Armor C - a cursed -1 pair of cloth gauntlets of fumbling {6} b - an uncursed +0 cloak of magic resistance {10} Comestibles p - an uncursed food ration {20} h - 2 uncursed tripe rations {20} Scrolls v - an uncursed scroll of confuse monster {5} q - an uncursed scroll of create monster {5} H - an uncursed scroll of enchant armor {5} o - 3 uncursed scrolls of identify {15} s - a cursed scroll of remove curse {5} Spellbooks w - an uncursed spellbook of blank paper {30} f - an uncursed spellbook of cure sickness {45} c - a blessed spellbook of force bolt {35} d - a blessed spellbook of magic missile {40} e - an uncursed spellbook of slow monster {35} Potions z - 3 uncursed potions of booze {60} F - an uncursed potion of hallucination {20} m - 2 uncursed potions of water {40} Rings G - an uncursed ring of warning (on right hand) {3} Tools l - an uncursed frost horn (0:3) {18} g - an uncursed harp {30} B - an uncursed lock pick {4} u - an uncursed pea whistle {3} Gems/Stones t - an uncursed fluorite stone {1} D - 2 uncursed worthless pieces of blue glass {2} A - 2 uncursed worthless pieces of yellowish brown glass {2} Puncake the Wizard's attributes: Background: You were a Thaumaturge, a level 6 male elven Wizard. You were chaotic, on a mission for Anhur who was opposed by Ptah (lawful) and Thoth (neutral). You were heterosexual. You were in the Dungeons of Doom, on level 7. You entered the dungeon 3881 turns ago. You had 600 experience points, 40 more were needed to attain level 7. Your score was 3407 before end-of-game adjustments. Basics: You had 0 out of 42 hit points. You had all 66 energy points (spell power). Your armor class was 10. Your wallet contained 677 zorkmids. Autopickup was on for '$?!/="+' plus thrown, with exceptions. Final Characteristics: Your strength was 3 (peak:8, limit:18). Your dexterity was 12 (limit:18). Your constitution was 16 (limit:16). Your intelligence was 20 (limit:20). Your wisdom was 9 (limit:20). Your charisma was 12 (limit:18). Final Status: You were not hungry. You were unencumbered. You were wielding a quarterstaff. You had basic skill with quarterstaff. You were not wearing any armor. Final Attributes: You were piously aligned. You were sleep resistant. You were telepathic. You were warned. You had infravision. You are dead. Miscellaneous: You never encountered a bones level. Total elapsed playing time was 37 minutes and 28 seconds. Major events: Turn 1: puncake the chaotic male elven Wizard entered the dungeon 434: attained the rank of Conjurer (level 3) 1175: entered the Gnomish Mines 3053: attained the rank of Thaumaturge (level 6) 3881: killed by a gold golem Vanquished creatures: a small mimic a dwarf ruler a leprechaun 6 bugbears a rock mole a pony a yellow light a gnome leader a giant ant 2 floating eyes a kitten a kobold leader 2 rothes a giant bat 2 killer bees a gas spore 14 hobgoblins a giant rat 2 cave spiders a green mold 5 gnomes a gecko 3 jackals 3 foxes 4 kobolds 6 goblins a sewer rat 5 grid bugs 5 lichens a kobold zombie 6 newts 82 creatures vanquished. No species were genocided or became extinct. Voluntary challenges: You read items or engraved 8 times. You never genocided any monsters. You never polymorphed an object. You never changed form. You never touched an artifact. You used no wishes. You were celibate. You never generated conflict. Achievements: You attained the rank of Conjurer. You entered a shop. You entered the Gnomish Mines. You attained the rank of Thaumaturge. Dungeon overview: The Dungeons of Doom: levels 1 to 7 Level 1: A fountain. Level 2: A fountain. Level 3: A general store, a fountain. Stairs down to The Gnomish Mines. Level 4: A potion shop. Level 5: An altar. Level 6: A grave. Level 7: <- You were here. A fountain. Final resting place for you, killed by a gold golem. The Gnomish Mines: Level 4: Game over: __________ / \ / REST \ / IN \ / PEACE \ / \ | puncake | | 677 Au | | killed by a gold | | golem | | | | | | 2023 | *| * * * | * _________)/\\_//(\/(/\)/\//\/|_)_______ Goodbye puncake the Wizard... You died in The Dungeons of Doom on dungeon level 7 with 3340 points, and 677 pieces of gold, after 3881 moves. You were level 6 with a maximum of 42 hit points when you died.